 Dungeon Crawl Stone Soup version 0.21-a0-434-g806c6c2 (webtiles) character file.

10353 tilp the Arsonist (level 11, -5/67 HPs)
             Began as a Deep Elf Fire Elementalist on Nov 8, 2017.
             Was a Priest of Vehumet.
             Slain by a skeletal warrior
             ... wielding a +0 scimitar
              (21 damage)
             ... on level 10 of the Dungeon.
             The game lasted 00:44:26 (14282 turns).

tilp the Arsonist (Deep Elf Fire Elementalist)     Turns: 14282, Time: 00:44:26

Health: -5/67      AC: 13    Str:  5    XL:     11   Next: 35%
Magic:  1/25       EV: 15    Int: 26    God:    Vehumet [***...]
Gold:   644        SH:  3    Dex: 15    Spells: 7/26 levels left

rFire    . . .     SeeInvis .   T - +7 spear "Xykkurr" {pierce, Int+2 Stlth+}
rCold    . . .     Gourm    .   h - +0 buckler
rNeg     . . .     Faith    .   p - +2 robe {MR+}
rPois    +         Spirit   .   F - +1 hat
rElec    .         Reflect  .   N - +2 cloak
rCorr    .         Harm     .   S - +1 pair of gloves
MR       ++...                  (no boots)
Stlth    +++.......             (no amulet)
HPRegen  0.21/turn              y - ring of poison resistance
MPRegen  0.19/turn              I - +3 ring of protection

@: no status effects
A: no striking features
a: Renounce Religion


You were on level 10 of the Dungeon.
You worshipped Vehumet.
Vehumet was most pleased with you.
You were not hungry.

You visited 2 branches of the dungeon, and saw 12 of its levels.
You also visited: Ossuary.

You collected 776 gold pieces.
You spent 132 gold pieces at shops.

Inventory:

Hand Weapons
 T - the +7 spear "Xykkurr" (weapon) {pierce, Int+2 Stlth+}
   (You found it on level 6 of the Dungeon)

   It inflicts extra damage upon your enemies.
   It affects your intelligence (+2).
   It makes you more stealthy.
Missiles
 u - 10 tomahawks (quivered)
Armour
 h - a +0 buckler (worn)
 l - a +2 leather armour of positive energy
 p - a +2 robe of magic resistance (worn)
 F - a +1 hat (worn)
 N - a +2 cloak (worn)
 O - a +1 ring mail of poison resistance
 S - a +1 pair of gloves (worn)
 U - a +0 robe of cold resistance
Jewellery
 b - an uncursed ring of stealth {unknown}
 y - a ring of poison resistance (left hand)
 z - an uncursed ring of protection from cold
 I - a +3 ring of protection (right hand)
Wands
 a - a wand of acid (4/15)
 d - a wand of enslavement (11/24)
 H - a wand of disintegration (11/24)
 L - a wand of polymorph (12/24)
 M - a wand of scattershot (7/9)
 P - a wand of iceblast (5/15)
 R - a wand of enslavement (14/24)
 V - a wand of acid (5/15)
 X - a wand of disintegration (15/24)
Scrolls
 f - a scroll of fog {unknown}
 g - 2 scrolls of blinking
 i - 2 scrolls of amnesia
 w - 4 scrolls of recharging
 x - a scroll of brand weapon {unknown}
 A - 2 scrolls of enchant weapon {unknown}
 B - 3 scrolls of enchant armour {unknown}
 G - 4 scrolls of teleportation
 K - 3 scrolls of remove curse
Potions
 j - 3 potions of magic {unknown}
 k - 5 potions of flight
 n - 3 potions of mutation {unknown}
 r - a potion of brilliance
 t - 3 potions of might
 v - 7 potions of heal wounds
 C - 2 potions of invisibility {unknown}
 D - 7 potions of curing
 E - 4 potions of lignification {unknown}
 J - a potion of agility {unknown}
 Q - 2 potions of cancellation {unknown}
Comestibles
 c - 7 bread rations
 o - 18 royal jellies
 s - 7 meat rations
 W - a fruit


   Skills:
 * Level 7.1 Fighting
 + Level 4.9 Armour
 - Level 6.0 Dodging
 - Level 2.4 Stealth
 - Level 8.0 Spellcasting
 - Level 10.0 Conjurations
 - Level 10.2 Fire Magic


You had 7 spell levels left.
You knew the following spells:

 Your Spells              Type           Power        Failure   Level  Hunger
a - Flame Tongue          Conj/Fire      #####        1%          1    None
b - Throw Flame           Conj/Fire      ######       1%          2    None
c - Conjure Flame         Conj/Fire      ######..     1%          3    None
d - Sticky Flame          Conj/Fire      ######..     1%          4    ##.....
e - Fireball              Conj/Fire      ######....   1%          5    ####...
f - Sandblast             Erth           ##....       2%          1    None
g - Freeze                Ice            ##..         2%          1    None
h - Throw Frost           Conj/Ice       #####.       1%          2    None


Dungeon Overview and Level Annotations

Branches:
Dungeon (11/15)            Temple (1/1) D:7            Lair (0/6) D:11
    Orc: D:9-12

Altars:
Ashenzari
Cheibriados
Dithmenos
Elyvilon
Fedhas
Gozag
Hepliaklqana
Kikubaaqudgha
Makhleb
Nemelex Xobeh
Okawaru
Qazlal
Ru
Sif Muna
Trog
Uskayaw
Vehumet
Wu Jian
Xom
Yredelemnul
Zin
The Shining One

Shops:
D:8 *

Annotations:
D:5 exclusion: downstairs


Message History

Confirm with . or Enter, or press ? or * to list all spells.
Aiming: Conjure Flame
Press: ? - help, Dir - move target cursor, p - skeletal warrior The fire ignites!
The skeletal warrior burns!
The skeletal warrior is engulfed in blazing flames.
The skeletal warrior hits you with a scimitar.
Casting: Conjure Flame
Confirm with . or Enter, or press ? or * to list all spells.
Aiming: Sticky Flame
Press: ? - help, Shift-Dir - straight line, f - skeletal warrior
Aim: a skeletal warrior, wielding a scimitar (severely damaged, covered in liquid flames)
The sticky flame hits the skeletal warrior.
The skeletal warrior appears unharmed.
The skeletal warrior is severely damaged.
The skeletal warrior burns!
The skeletal warrior is engulfed in blazing flames.
The skeletal warrior hits you with a war axe!
* * * LOW HITPOINT WARNING * * *
The skeletal warrior hits you with a scimitar!!
You die...

.#..............#......##...#....
..>...######'########..##...#.###
#######........#....#..##...#.###
#........#..#.#..##...#....
#........#..#.#..##...#....
#........#..#.'..##...#.#..
#........#..#.#..##...#....
#######'##z...#####'###....
#.......§z@...........#####
#.....#####........##.#....
#.....# #..##....##.#....
#..#..#####..##....##.#....
#######.....................#####
.................................
............#...........##...##..
.............................##..
###..#.......................##..


You could see 2 skeletal warriors.

Vanquished Creatures
  Gastronok (D:8)
  3 two-headed ogres
  Pikel (D:7)
  Psyche (D:8)
  A troll (D:9)
  Prince Ribbit (D:6)
  5 hornets
  2 hippogriffs
  A wyvern (D:8)
  2 soldier ants (D:8)
  2 water moccasins
  An orc warrior (D:6)
  7 ice beasts
  2 slaves (D:7)
  A hornet zombie (D:10)
  A black bear (D:7)
  2 sky beasts
  4 bullfrogs
  A water moccasin zombie (D:8)
  A wyvern skeleton (D:10)
  8 scorpions
  3 crimson imps
  2 howler monkeys
  2 bullfrog zombies
  6 hounds
  2 centaur zombies
  5 orc priests
  9 jellies
  A gnoll shaman (D:2)
  8 orc wizards
  Crazy Yiuf (D:7)
  2 bullfrog skeletons
  Natasha (thrice) (D:2)
  An iguana (D:10)
  5 worker ants
  A big kobold zombie (Ossuary)
  2 hound zombies
  A hound skeleton (D:8)
  8 mummies (Ossuary)
  A worker ant zombie (D:7)
  6 gnolls
  11 adders
  An ooze (D:2)
  2 adder zombies (D:5)
  3 worms
  A dart slug (D:3)
  9 leopard geckos
  28 orcs
  3 ball pythons
  4 giant cockroaches
  A gnoll zombie (Ossuary)
  11 goblins
  7 hobgoblins
  9 jackals
  7 kobolds
  6 quokkas
  14 bats
  7 frilled lizards
  2 hobgoblin zombies (Ossuary)
  A jackal zombie (D:9)
  3 kobold zombies (Ossuary)
  An orc zombie (Ossuary)
  A quokka zombie (D:8)
  7 rats
256 creatures vanquished.

Vanquished Creatures (others)
  4 fungi (D:7)
  5 plants (D:7)
9 creatures vanquished.

Grand Total: 265 creatures vanquished

Notes
Turn   | Place    | Note
-------+----------+-------------------------------------------
     0 | D:1      | tilp the Deep Elf Fire Elementalist began the quest for the Orb.
     0 | D:1      | Reached XP level 1. HP: 10/10 MP: 6/6
   225 | D:1      | Reached XP level 2. HP: 15/15 MP: 6/8
   229 | D:1      | Learned a level 2 spell: Throw Flame
   720 | D:1      | Reached XP level 3. HP: 19/19 MP: 5/10
   725 | D:1      | Learned a level 3 spell: Conjure Flame
  1441 | D:2      | Reached XP level 4. HP: 24/24 MP: 4/12
  1451 | D:2      | Learned a level 4 spell: Sticky Flame
  1521 | D:2      | Found a snail-covered altar of Cheibriados.
  1727 | D:2      | Found an opulent altar of Gozag.
  2107 | D:2      | Reached XP level 5. HP: 28/28 MP: 9/14
  2308 | D:2      | Noticed Natasha
  2338 | D:2      | Killed Natasha
  2613 | D:2      | Noticed Natasha
  2617 | D:2      | Killed Natasha
  2617 | D:2      | Reached skill level 5 in Spellcasting
  3059 | D:2      | Noticed Natasha
  3065 | D:2      | Killed Natasha
  3065 | D:2      | Reached skill level 5 in Fire Magic
  3475 | D:3      | Found a hide-covered altar of Uskayaw.
  3524 | D:3      | Reached XP level 6. HP: 32/32 MP: 14/16
  3536 | D:3      | Learned a level 5 spell: Fireball
  4027 | D:3      | Found a shimmering altar of Xom.
  4440 | D:4      | Found a sand-covered staircase.
  4457 | Ossuary  | Entered an ossuary
  4921 | Ossuary  | Reached XP level 7. HP: 36/36 MP: 13/18
  5131 | D:4      | Found a stormy altar of Qazlal.
  5156 | D:4      | Found a burning altar of Makhleb.
  5162 | D:4      | Found a shadowy altar of Dithmenos.
  5455 | D:4      | You fall through a shaft!
  5455 | D:5      | Entered Level 5 of the Dungeon
  5700 | D:6      | Noticed Prince Ribbit
  5939 | D:4      | Found a burning altar of Makhleb.
  5948 | D:4      | Reached skill level 5 in Conjurations
  6515 | D:5      | Found a basalt altar of Yredelemnul.
  7120 | D:6      | Found an iron altar of Okawaru.
  7161 | D:6      | Got an ichor-stained spear
  7167 | D:6      | Identified the +7 spear "Xykkurr" {pierce, Int+2 Stlth+} (You found it on level 6 of the Dungeon)
  7197 | D:6      | Reached XP level 8. HP: 37/41 MP: 14/21
  7351 | D:6      | Found a radiant altar of Vehumet.
  7354 | D:6      | Became a worshipper of Vehumet
  7532 | D:6      | Killed Prince Ribbit
  7743 | D:7      | Found a bloodstained altar of Trog.
  7880 | D:7      | Found a staircase to the Ecumenical Temple.
  7925 | Temple   | Entered the Ecumenical Temple
  8338 | D:7      | Noticed Pikel
  8546 | D:7      | Killed Pikel
  8546 | D:7      | Reached XP level 9. HP: 45/45 MP: 0/23
  8744 | D:7      | Found a runed door.
  8798 | D:7      | Reached * piety under Vehumet
  8798 | D:7      | Offered knowledge of Sandblast by Vehumet.
  8801 | D:7      | Learned a level 1 spell: Sandblast
  9254 | D:7      | Noticed Crazy Yiuf
  9262 | D:7      | Killed Crazy Yiuf
  9404 | D:8      | Noticed a two-headed ogre
  9427 | D:8      | Killed a two-headed ogre
  9427 | D:8      | Reached skill level 10 in Fire Magic
  9564 | D:8      | Reached skill level 10 in Conjurations
  9660 | D:8      | Noticed Psyche
  9676 | D:8      | Killed Psyche
  9676 | D:8      | Reached skill level 1 in Fighting
  9979 | D:8      | Reached skill level 1 in Armour
 10105 | D:8      | Reached XP level 10. HP: 53/53 MP: 21/24
 10307 | D:8      | Offered knowledge of Freeze by Vehumet.
 10330 | D:8      | Learned a level 1 spell: Freeze
 10393 | D:8      | Reached ** piety under Vehumet
 10903 | D:8      | Noticed Gastronok
 10928 | D:8      | Killed Gastronok
 10928 | D:8      | Reached skill level 5 in Dodging
 11093 | D:8      | Found Longuak's Assorted Antiques.
 11100 | D:8      | Bought a potion of curing for 66 gold pieces
 11100 | D:8      | Bought a scroll of teleportation for 66 gold pieces
 11290 | D:8      | Reached skill level 5 in Fighting
 11772 | D:9      | Noticed a two-headed ogre
 11778 | D:9      | Killed a two-headed ogre
 11818 | D:9      | Noticed a two-headed ogre
 11832 | D:9      | Reached XP level 11. HP: 64/64 MP: 7/25
 11833 | D:9      | Killed a two-headed ogre
 12021 | D:9      | Found a sparkling altar of Nemelex Xobeh.
 12640 | D:10     | Entered Level 10 of the Dungeon
 12643 | D:10     | Offered knowledge of Throw Frost by Vehumet.
 12675 | D:10     | Learned a level 2 spell: Throw Frost
 13314 | D:10     | Reached *** piety under Vehumet
 14200 | D:11     | Noticed a centaur warrior
 14254 | D:11     | Found a staircase to the Lair.
 14254 | D:11     | Noticed a skeletal warrior
 14254 | D:11     | Noticed a skeletal warrior
 14254 | D:11     | Noticed a skeletal warrior
 14254 | D:11     | Noticed a skeletal warrior
 14254 | D:11     | Noticed a skeletal warrior
 14282 | D:10     | Slain by a skeletal warrior

Vault maps used:
D:1:      matt_arrival_refuge
D:2:      nicolae_gozag_cash_rules_everything_around_me, cheibriados_altar_1,
          first_bread, uniq_natasha
D:3:      marbit_many_paths, lemuel_coloured_pillars_altar
D:4:      nicolae_overflow_crystal_walls, grunt_qazlal_sundering,
          overflow_temple_1_default, nicolae_ossuary_entry_ruins,
          interstate_on_off, bloody_makhleb
D:5:      kennysheep_little_box
D:6:      kennysheep_mini_moat, okawaru_ov_weapons_minmay, uniq_prince_ribbit1
D:7:      old_forge, minmay_temple_entry_statues_fountains, basic_altar,
          uniq_pikel, uniq_crazy_yiuf_cottage
D:8:      serial_shops, shop, hangedman_pestilent_swarm, uniq_gastronok,
          uniq_psyche
D:9:      nemelex_xobeh_ov_fountains_minmay, minmay_strange_pillars,
          kennysheep_another_room
D:11:     lemuel_ogre_cave, lair_entry_dummy, orc_0_dummy
Temple:   bh_familiar_temple
Ossuary:  ossuary_tomb_3

Skill      XL: |  1  2  3  4  5  6  7  8  9 10 11 |
---------------+----------------------------------+-----
Conjurations   | 2 3 4 5 8 10 | 10.0
Spellcasting   | 4 5 6 7 8 |  8.0
Fire Magic     | 4 5 6 9 10 | 10.2
Fighting       | 1 5 7 |  7.1
Dodging        | 3 6 |  6.0
Armour         | 1 3 4 |  4.9
Stealth        | |  2.4

Action                   |  1- 3 |  4- 6 |  7- 9 | 10-12 || total
-------------------------+-------+-------+-------+-------++-------
Melee: Whip              |     3 |       |       |       ||     3
       Spear             |     5 |    15 |    53 |    46 ||   119
       Dagger            |       |       |    61 |       ||    61
Throw: Stone             |     4 |       |       |       ||     4
 Cast: Flame Tongue      |    45 |    82 |   165 |   100 ||   392
       Throw Flame       |    18 |    50 |    49 |    34 ||   151
       Conjure Flame     |     2 |     3 |    21 |    30 ||    56
       Sticky Flame      |       |     3 |    12 |    22 ||    37
       Fireball          |       |       |     4 |     6 ||    10
       Sandblast         |       |       |       |     2 ||     2
       Throw Frost       |       |       |       |     3 ||     3
  Use: Scroll            |       |     8 |     4 |     3 ||    15
       Potion            |       |       |       |     1 ||     1
 Stab: Sleeping          |       |     2 |     2 |       ||     4
  Eat: Chunk             |     2 |     9 |    13 |     4 ||    28
       Bread ration      |       |     1 |       |       ||     1
       Fruit             |       |       |     3 |     6 ||     9
       Meat ration       |       |       |       |     1 ||     1
Armor: Robe              |     4 |     1 |       |     1 ||     6
       Leather armour    |       |     7 |    35 |    22 ||    64
Dodge: Dodged            |    19 |    14 |    71 |    35 ||   139
Block: Buckler           |       |     6 |       |     1 ||     7

Table legend:
 A = Spawn XP
 B = Non-spawn XP
 C = Spawn XP percentage of total XP
 D = Spawn monster count
 E = Non-spawn monster count
 F = Spawn count percentage of total count
 G = Total turns spent on level
                    A         B        C        D         E        F      G
               +---------+---------+-------+---------+---------+-------+---------
         Total |       0 |   14791 |   0.0 |       0 |     254 |   0.0 | 14282
               +---------+---------+-------+---------+---------+-------+---------
           D:1 |       0 |      50 |   0.0 |       0 |      29 |   0.0 |  1096
           D:2 |       0 |     318 |   0.0 |       0 |      32 |   0.0 |  2197
           D:3 |       0 |     188 |   0.0 |       0 |      23 |   0.0 |  1119
           D:4 |       0 |     147 |   0.0 |       0 |       9 |   0.0 |   680
           D:5 |       0 |     300 |   0.0 |       0 |      20 |   0.0 |  1098
           D:6 |       0 |     821 |   0.0 |       0 |      10 |   0.0 |   834
           D:7 |       0 |    1763 |   0.0 |       0 |      32 |   0.0 |  1640
           D:8 |       0 |    5694 |   0.0 |       0 |      34 |   0.0 |  2004
           D:9 |       0 |    3474 |   0.0 |       0 |      26 |   0.0 |  1158
          D:10 |       0 |    1861 |   0.0 |       0 |      23 |   0.0 |  1638
       Ossuary |       0 |     175 |   0.0 |       0 |      16 |   0.0 |   621
               +---------+---------+-------+---------+---------+-------+---------
